 Dungeon Crawl Stone Soup version 0.31-a0-149-g3fdcc5976a (webtiles) character file.

Game seed: 10075037512225166944

737 qw the Skirmisher (level 7, -5/61 HPs)
             Began as a Minotaur Hunter on June 7, 2023.
             Slain by a hornet (7 damage)
             ... while paralysed by a hornet
             ... on level 5 of the Dungeon.
             The game lasted 00:03:43 (4281 turns).

qw the Skirmisher (Minotaur Hunter)                 Turns: 4281, Time: 00:03:43

Health: -5/61      AC:  7    Str: 15    XL:     7   Next: 46%
Magic:  6/6        EV:  2    Int:  6    God:
Gold:   285        SH:  0    Dex: 16    Spells: 6/6 levels left

rFire   . . .        n - +0 orcbow
rCold   . . .        (shield currently unavailable)
rNeg    + . .        i - +0 ring mail
rPois   +            (helmet restricted)
rElec   .            m - +0 cloak "Zamaj" {Fly rPois rN+ Regen+}
rCorr   .            (no gloves)
SInv    .            c - +0 pair of boots
Will    .....        (no amulet)
Stlth   +            (no ring)
HPRegen 1.10/turn    (no ring)
MPRegen 0.10/turn

%: no passive effects
@: paralysed, lethally poisoned (-5 -> -8), flying, slowed
A: horns 2, retaliatory headbutt
a: no special abilities


You were on level 5 of the Dungeon.
You visited 1 branch of the dungeon, and saw 5 of its levels.

You collected 285 gold pieces.


Innate Abilities, Weirdness & Mutations

You have a pair of horns on your head.
You reflexively headbutt those who attack you in melee.


   Skills:
 - Level 5.6 Fighting
 - Level 8.2 Ranged Weapons
 - Level 3.0 Armour
 + Level 2.9 Dodging
 - Level 0.7 Stealth


You had 6 spell levels left.
You didn't know any spells.
Your spell library was empty.

Inventory:

Hand Weapons
 n - a +0 orcbow (weapon)
Armour
 c - a +0 pair of boots (worn)
 i - a +0 ring mail (worn)
 m - the +0 cloak "Zamaj" (worn) {Fly rPois rN+ Regen+}
   (You found it on level 4 of the Dungeon)

   rPois:     It protects you from poison.
   rN:        It protects you from negative energy.
   Fly:       It grants you flight.
   Regen:     It increases your rate of health regeneration.
Jewellery
 g - a ring of poison resistance
 h - a ring of poison resistance
Scrolls
 e - a scroll of identify
 j - a scroll of enchant weapon {unknown}
 o - a scroll of magic mapping {unknown}
Potions
 a - a potion of curing
 d - a potion of ambrosia {unknown}
 f - a potion of haste {unknown}
 l - a potion of degeneration {unknown}

Dungeon Overview and Level Annotations

Branches:
Dungeon (5/15)
 Temple: D:4-7

Altars:
Ashenzari
Hepliaklqana
Kikubaaqudgha
Nemelex Xobeh
Ru


Message History

Enter note:
Enter note:
Enter note: You start resting.
You feel yourself speed up.
HP restored.
A hornet and 2 gnolls come into view.
A gnoll is wielding a +1 heavy halberd.
The hornet buzzes angrily.
The gnoll shouts!
4273 ||| Stepping ~*~*~tactically~*~*~ (outnumbered).
The gnoll shouts!
You shoot an arrow. The arrow closely misses the hornet.
The hornet stings you! The hornet barely misses you.
You shoot an arrow.
The arrow hits the hornet but does no damage.
The hornet is moderately wounded.
The hornet stings you!
You shoot an arrow. The arrow closely misses the hornet.
The hornet stings you but does no damage.
The hornet stings you!
You shoot an arrow. The arrow misses the hornet.
The hornet stings you.
You feel yourself slow down. The hornet closely misses you.
You shoot an arrow. The arrow closely misses the hornet.
The hornet stings you but does no damage.
The hornet stings you.
The gnoll hits you from afar with a +0 spear.
The hornet barely misses you. You furiously retaliate!
You headbutt the hornet. You shoot an arrow.
The arrow hits the hornet but does no damage.
The hornet is moderately wounded.
You feel yourself speed up. The hornet stings you.
You suddenly lose the ability to move!
The gnoll hits you from afar with a +0 spear.
The hornet stings you! The gnoll hits you but does no damage.
The hornet stings you.
You are poisoned.
You feel yourself slow down.
The gnoll hits you from afar with a +0 spear.
The hornet stings you!
You die...

.#..# #.# .#..#
#.# .#..######.##
............#
.#..#####...######
.#..# #.#......#
.#..# #...####.#
....# ###.# #.#
....#
#.####@#######
#####
#......ygg.... #
######.#####.#
##### #..# ~~~~##
##.# .....# #.#
..._.# #.# )....#
#.# ~~~~## #.#


You could see a hornet and 2 gnolls.

Vanquished Creatures
  A water moccasin (D:5)
  A centaur (D:5)
  An ogre (D:5)
  2 phantoms
  2 jellies (D:5)
  An iguana (D:4)
  2 orc wizards (D:3)
  5 gnolls (D:5)
  4 adders
  A worm (D:4)
  2 dart slugs
  5 orcs
  5 ball pythons
  2 bats (D:1)
  10 endoplasms
  2 giant cockroaches
  9 goblins
  5 hobgoblins
  5 jackals
  3 quokkas
  7 frilled lizards
  6 kobolds
  7 rats
  A spectral goblin (D:5)
89 creatures vanquished.

Notes
Turn   | Place    | Note
-------+----------+-------------------------------------------
     0 | D:1      | qw the Minotaur Hunter began the quest for the Orb.
     0 | D:1      | Reached XP level 1. HP: 18/18 MP: 0/0
     0 | D:1      | 0 ||| qw: Version: 0.2-a-117-gc6b5c8b
     0 | D:1      | 0 ||| qw: Game counter: 2594
     0 | D:1      | 0 ||| qw: Always use a shield: true
     0 | D:1      | 0 ||| qw: God list: Okawaru
     0 | D:1      | 0 ||| qw: Allow faded altars: false
     0 | D:1      | 0 ||| qw: Do Orc after D:15 true
     0 | D:1      | 0 ||| qw: Do second Lair branch before Depths: true
     0 | D:1      | 0 ||| qw: Lair rune preference: random
     0 | D:1      | 0 ||| qw: Plans: Normal
     0 | D:1      | 0 ||| PLANNING D:1-11
    92 | D:1      | Reached XP level 2. HP: 25/25 MP: 1/1
   201 | D:1      | Reached skill level 5 in Ranged Weapons
   323 | D:1      | Reached skill level 3 in Fighting
   744 | D:1      | 744 ||| READING 3 scrolls labelled XERPHI BE NEQU.
   745 | D:1      | 745 ||| READING scroll labelled ITWO UR ZOREYNKU.
   746 | D:1      | 746 ||| DRINKING 2 metallic ruby potions.
   747 | D:1      | 747 ||| DROPPING 2 scrolls of noise.
   748 | D:1      | 748 ||| DROPPING scroll of butterflies.
   749 | D:1      | 749 ||| DROPPING potion of attraction.
   819 | D:2      | Reached XP level 3. HP: 31/31 MP: 2/2
   923 | D:2      | You fall into a shaft and drop 1 floor!
  1062 | D:3      | 1062 ||| UPGRADING to ring of poison resistance.
  1063 | D:3      | 1063 ||| READING scroll labelled ZOUBLI YGOUJI.
  1064 | D:3      | 1064 ||| READING scroll labelled HUN REESARI.
  1096 | D:3      | 1096 ||| DRINKING 3 cyan potions.
  1097 | D:3      | 1097 ||| Stepping randomly (stuck).
  1098 | D:3      | 1098 ||| Stepping randomly (stuck).
  1099 | D:3      | 1099 ||| Stepping randomly (stuck).
  1100 | D:3      | 1100 ||| Stepping randomly (stuck).
  1101 | D:3      | 1101 ||| Stepping randomly (stuck).
  1102 | D:3      | 1102 ||| Stepping randomly (stuck).
  1103 | D:3      | 1103 ||| Stepping randomly (stuck).
  1104 | D:3      | 1104 ||| Stepping randomly (stuck).
  1105 | D:3      | 1105 ||| Stepping randomly (stuck).
  1106 | D:3      | 1106 ||| Stepping randomly (stuck).
  1107 | D:3      | 1107 ||| Stepping randomly (stuck).
  1108 | D:3      | 1108 ||| Stepping randomly (stuck).
  1109 | D:3      | 1109 ||| Stepping randomly (stuck).
  1110 | D:3      | 1110 ||| Stepping randomly (stuck).
  1111 | D:3      | 1111 ||| Stepping randomly (stuck).
  1112 | D:3      | 1112 ||| Stepping randomly (stuck).
  1113 | D:3      | 1113 ||| Stepping randomly (stuck).
  1114 | D:3      | 1114 ||| Stepping randomly (stuck).
  1115 | D:3      | 1115 ||| Stepping randomly (stuck).
  1116 | D:3      | 1116 ||| Stepping randomly (stuck).
  1117 | D:3      | 1117 ||| Stepping randomly (stuck).
  1118 | D:3      | 1118 ||| Stepping randomly (stuck).
  1119 | D:3      | 1119 ||| Stepping randomly (stuck).
  1120 | D:3      | 1120 ||| Stepping randomly (stuck).
  1121 | D:3      | 1121 ||| Stepping randomly (stuck).
  1122 | D:3      | 1122 ||| Stepping randomly (stuck).
  1123 | D:3      | 1123 ||| Stepping randomly (stuck).
  1124 | D:3      | 1124 ||| Stepping randomly (stuck).
  1125 | D:3      | 1125 ||| Stepping randomly (stuck).
  1126 | D:3      | 1126 ||| Stepping randomly (stuck).
  1127 | D:3      | 1127 ||| Stepping randomly (stuck).
  1128 | D:3      | 1128 ||| Stepping randomly (stuck).
  1129 | D:3      | 1129 ||| Stepping randomly (stuck).
  1130 | D:3      | 1130 ||| Stepping randomly (stuck).
  1131 | D:3      | 1131 ||| Stepping randomly (stuck).
  1132 | D:3      | 1132 ||| Stepping randomly (stuck).
  1133 | D:3      | 1133 ||| Stepping randomly (stuck).
  1134 | D:3      | 1134 ||| Stepping randomly (stuck).
  1135 | D:3      | 1135 ||| Stepping randomly (stuck).
  1136 | D:3      | 1136 ||| Stepping randomly (stuck).
  1137 | D:3      | 1137 ||| Stepping randomly (stuck).
  1138 | D:3      | 1138 ||| Stepping randomly (stuck).
  1139 | D:3      | 1139 ||| Stepping randomly (stuck).
  1140 | D:3      | 1140 ||| Stepping randomly (stuck).
  1141 | D:3      | 1141 ||| Stepping randomly (stuck).
  1142 | D:3      | 1142 ||| Stepping randomly (stuck).
  1143 | D:3      | 1143 ||| Stepping randomly (stuck).
  1144 | D:3      | 1144 ||| Stepping randomly (stuck).
  1145 | D:3      | 1145 ||| Stepping randomly (stuck).
  1146 | D:3      | 1146 ||| Stepping randomly (stuck).
  1147 | D:3      | 1147 ||| Stepping randomly (stuck).
  1148 | D:3      | 1148 ||| Stepping randomly (stuck).
  1149 | D:3      | 1149 ||| Stepping randomly (stuck).
  1150 | D:3      | 1150 ||| Stepping randomly (stuck).
  1151 | D:3      | 1151 ||| Stepping randomly (stuck).
  1152 | D:3      | 1152 ||| Stepping randomly (stuck).
  1153 | D:3      | 1153 ||| Stepping randomly (stuck).
  1154 | D:3      | 1154 ||| Stepping randomly (stuck).
  1155 | D:3      | 1155 ||| Stepping randomly (stuck).
  1156 | D:3      | 1156 ||| Stepping randomly (stuck).
  1157 | D:3      | 1157 ||| Stepping randomly (stuck).
  1158 | D:3      | 1158 ||| Stepping randomly (stuck).
  1159 | D:3      | 1159 ||| Stepping randomly (stuck).
  1160 | D:3      | 1160 ||| Stepping randomly (stuck).
  1161 | D:3      | 1161 ||| Stepping randomly (stuck).
  1162 | D:3      | 1162 ||| Stepping randomly (stuck).
  1163 | D:3      | 1163 ||| Stepping randomly (stuck).
  1164 | D:3      | 1164 ||| Stepping randomly (stuck).
  1165 | D:3      | 1165 ||| Stepping randomly (stuck).
  1166 | D:3      | 1166 ||| Stepping randomly (stuck).
  1167 | D:3      | 1167 ||| Stepping randomly (stuck).
  1168 | D:3      | 1168 ||| Stepping randomly (stuck).
  1169 | D:3      | 1169 ||| Stepping randomly (stuck).
  1170 | D:3      | 1170 ||| Stepping randomly (stuck).
  1171 | D:3      | 1171 ||| Stepping randomly (stuck).
  1172 | D:3      | 1172 ||| Stepping randomly (stuck).
  1173 | D:3      | 1173 ||| Stepping randomly (stuck).
  1174 | D:3      | 1174 ||| Stepping randomly (stuck).
  1175 | D:3      | 1175 ||| Stepping randomly (stuck).
  1176 | D:3      | 1176 ||| Stepping randomly (stuck).
  1177 | D:3      | 1177 ||| Stepping randomly (stuck).
  1178 | D:3      | 1178 ||| Stepping randomly (stuck).
  1179 | D:3      | 1179 ||| Stepping randomly (stuck).
  1180 | D:3      | 1180 ||| Stepping randomly (stuck).
  1181 | D:3      | 1181 ||| Stepping randomly (stuck).
  1182 | D:3      | 1182 ||| Stepping randomly (stuck).
  1183 | D:3      | 1183 ||| Stepping randomly (stuck).
  1184 | D:3      | 1184 ||| Stepping randomly (stuck).
  1185 | D:3      | 1185 ||| Stepping randomly (stuck).
  1186 | D:3      | 1186 ||| Stepping randomly (stuck).
  1187 | D:3      | 1187 ||| Stepping randomly (stuck).
  1188 | D:3      | 1188 ||| Stepping randomly (stuck).
  1189 | D:3      | 1189 ||| Stepping randomly (stuck).
  1190 | D:3      | 1190 ||| Stepping randomly (stuck).
  1191 | D:3      | 1191 ||| Stepping randomly (stuck).
  1192 | D:3      | 1192 ||| Stepping randomly (stuck).
  1193 | D:3      | 1193 ||| Stepping randomly (stuck).
  1194 | D:3      | 1194 ||| Stepping randomly (stuck).
  1196 | D:3      | 1196 ||| Stepping randomly (stuck).
  1197 | D:3      | 1197 ||| Stepping randomly (stuck).
  1198 | D:3      | 1198 ||| Stepping randomly (stuck).
  1199 | D:3      | 1199 ||| Stepping randomly (stuck).
  1200 | D:3      | 1200 ||| Stepping randomly (stuck).
  1201 | D:3      | 1201 ||| Stepping randomly (stuck).
  1202 | D:3      | 1202 ||| Stepping randomly (stuck).
  1203 | D:3      | 1203 ||| Stepping randomly (stuck).
  1204 | D:3      | 1204 ||| Stepping randomly (stuck).
  1205 | D:3      | 1205 ||| Stepping randomly (stuck).
  1206 | D:3      | 1206 ||| Stepping randomly (stuck).
  1207 | D:3      | 1207 ||| Stepping randomly (stuck).
  1208 | D:3      | 1208 ||| Stepping randomly (stuck).
  1209 | D:3      | 1209 ||| Stepping randomly (stuck).
  1210 | D:3      | 1210 ||| Stepping randomly (stuck).
  1211 | D:3      | 1211 ||| Stepping randomly (stuck).
  1212 | D:3      | 1212 ||| Stepping randomly (stuck).
  1213 | D:3      | 1213 ||| Stepping randomly (stuck).
  1214 | D:3      | 1214 ||| Stepping randomly (stuck).
  1215 | D:3      | 1215 ||| Stepping randomly (stuck).
  1216 | D:3      | 1216 ||| Stepping randomly (stuck).
  1217 | D:3      | 1217 ||| Stepping randomly (stuck).
  1218 | D:3      | 1218 ||| Stepping randomly (stuck).
  1219 | D:3      | 1219 ||| Stepping randomly (stuck).
  1220 | D:3      | 1220 ||| Stepping randomly (stuck).
  1221 | D:3      | 1221 ||| Stepping randomly (stuck).
  1222 | D:3      | 1222 ||| Stepping randomly (stuck).
  1223 | D:3      | 1223 ||| Stepping randomly (stuck).
  1224 | D:3      | 1224 ||| Stepping randomly (stuck).
  1225 | D:3      | 1225 ||| Stepping randomly (stuck).
  1226 | D:3      | 1226 ||| Stepping randomly (stuck).
  1227 | D:3      | 1227 ||| Stepping randomly (stuck).
  1228 | D:3      | 1228 ||| Stepping randomly (stuck).
  1229 | D:3      | 1229 ||| Stepping randomly (stuck).
  1230 | D:3      | 1230 ||| Stepping randomly (stuck).
  1231 | D:3      | 1231 ||| Stepping randomly (stuck).
  1232 | D:3      | 1232 ||| Stepping randomly (stuck).
  1233 | D:3      | 1233 ||| Stepping randomly (stuck).
  1234 | D:3      | 1234 ||| Stepping randomly (stuck).
  1235 | D:3      | 1235 ||| Stepping randomly (stuck).
  1236 | D:3      | 1236 ||| Stepping randomly (stuck).
  1237 | D:3      | 1237 ||| Stepping randomly (stuck).
  1238 | D:3      | 1238 ||| Stepping randomly (stuck).
  1239 | D:3      | 1239 ||| Stepping randomly (stuck).
  1240 | D:3      | 1240 ||| Stepping randomly (stuck).
  1241 | D:3      | 1241 ||| Stepping randomly (stuck).
  1242 | D:3      | 1242 ||| Stepping randomly (stuck).
  1243 | D:3      | 1243 ||| Stepping randomly (stuck).
  1244 | D:3      | 1244 ||| Stepping randomly (stuck).
  1245 | D:3      | 1245 ||| Stepping randomly (stuck).
  1246 | D:3      | 1246 ||| Stepping randomly (stuck).
  1247 | D:3      | 1247 ||| Stepping randomly (stuck).
  1248 | D:3      | 1248 ||| Stepping randomly (stuck).
  1249 | D:3      | 1249 ||| Stepping randomly (stuck).
  1250 | D:3      | 1250 ||| Stepping randomly (stuck).
  1251 | D:3      | 1251 ||| Stepping randomly (stuck).
  1252 | D:3      | 1252 ||| Stepping randomly (stuck).
  1253 | D:3      | 1253 ||| Stepping randomly (stuck).
  1254 | D:3      | 1254 ||| Stepping randomly (stuck).
  1255 | D:3      | 1255 ||| Stepping randomly (stuck).
  1256 | D:3      | 1256 ||| Stepping randomly (stuck).
  1257 | D:3      | 1257 ||| Stepping randomly (stuck).
  1258 | D:3      | 1258 ||| Stepping randomly (stuck).
  1259 | D:3      | 1259 ||| Stepping randomly (stuck).
  1260 | D:3      | 1260 ||| Stepping randomly (stuck).
  1261 | D:3      | 1261 ||| Stepping randomly (stuck).
  1262 | D:3      | 1262 ||| Stepping randomly (stuck).
  1263 | D:3      | 1263 ||| Stepping randomly (stuck).
  1264 | D:3      | 1264 ||| Stepping randomly (stuck).
  1265 | D:3      | 1265 ||| Stepping randomly (stuck).
  1266 | D:3      | 1266 ||| Stepping randomly (stuck).
  1267 | D:3      | 1267 ||| Stepping randomly (stuck).
  1268 | D:3      | 1268 ||| Stepping randomly (stuck).
  1269 | D:3      | 1269 ||| Stepping randomly (stuck).
  1270 | D:3      | 1270 ||| Stepping randomly (stuck).
  1271 | D:3      | 1271 ||| Stepping randomly (stuck).
  1272 | D:3      | 1272 ||| Stepping randomly (stuck).
  1273 | D:3      | 1273 ||| Stepping randomly (stuck).
  1274 | D:3      | 1274 ||| Stepping randomly (stuck).
  1275 | D:3      | 1275 ||| Stepping randomly (stuck).
  1276 | D:3      | 1276 ||| Stepping randomly (stuck).
  1277 | D:3      | 1277 ||| Stepping randomly (stuck).
  1278 | D:3      | 1278 ||| Stepping randomly (stuck).
  1279 | D:3      | 1279 ||| Stepping randomly (stuck).
  1280 | D:3      | 1280 ||| Stepping randomly (stuck).
  1281 | D:3      | 1281 ||| Stepping randomly (stuck).
  1282 | D:3      | 1282 ||| Stepping randomly (stuck).
  1283 | D:3      | 1283 ||| Stepping randomly (stuck).
  1284 | D:3      | 1284 ||| Stepping randomly (stuck).
  1285 | D:3      | 1285 ||| Stepping randomly (stuck).
  1286 | D:3      | 1286 ||| Stepping randomly (stuck).
  1287 | D:3      | 1287 ||| Stepping randomly (stuck).
  1288 | D:3      | 1288 ||| Stepping randomly (stuck).
  1289 | D:3      | 1289 ||| Stepping randomly (stuck).
  1290 | D:3      | 1290 ||| Stepping randomly (stuck).
  1291 | D:3      | 1291 ||| Stepping randomly (stuck).
  1293 | D:3      | 1293 ||| Stepping randomly (stuck).
  1294 | D:3      | 1294 ||| Stepping randomly (stuck).
  1295 | D:3      | 1295 ||| Stepping randomly (stuck).
  1296 | D:3      | 1296 ||| Stepping randomly (stuck).
  1297 | D:3      | 1297 ||| Stepping randomly (stuck).
  1298 | D:3      | 1298 ||| Stepping randomly (stuck).
  1299 | D:3      | 1299 ||| Stepping randomly (stuck).
  1300 | D:3      | 1300 ||| Stepping randomly (stuck).
  1301 | D:3      | 1301 ||| Stepping randomly (stuck).
  1302 | D:3      | 1302 ||| Stepping randomly (stuck).
  1303 | D:3      | 1303 ||| Stepping randomly (stuck).
  1304 | D:3      | 1304 ||| Stepping randomly (stuck).
  1305 | D:3      | 1305 ||| Stepping randomly (stuck).
  1306 | D:3      | 1306 ||| Stepping randomly (stuck).
  1307 | D:3      | 1307 ||| Stepping randomly (stuck).
  1308 | D:3      | 1308 ||| Stepping randomly (stuck).
  1309 | D:3      | 1309 ||| Stepping randomly (stuck).
  1310 | D:3      | 1310 ||| Stepping randomly (stuck).
  1311 | D:3      | 1311 ||| Stepping randomly (stuck).
  1312 | D:3      | 1312 ||| Stepping randomly (stuck).
  1313 | D:3      | 1313 ||| Stepping randomly (stuck).
  1314 | D:3      | 1314 ||| Stepping randomly (stuck).
  1315 | D:3      | 1315 ||| Stepping randomly (stuck).
  1316 | D:3      | 1316 ||| Stepping randomly (stuck).
  1317 | D:3      | 1317 ||| Stepping randomly (stuck).
  1318 | D:3      | 1318 ||| Stepping randomly (stuck).
  1319 | D:3      | 1319 ||| Stepping randomly (stuck).
  1320 | D:3      | 1320 ||| Stepping randomly (stuck).
  1321 | D:3      | 1321 ||| Stepping randomly (stuck).
  1322 | D:3      | 1322 ||| Stepping randomly (stuck).
  1323 | D:3      | 1323 ||| Stepping randomly (stuck).
  1324 | D:3      | 1324 ||| Stepping randomly (stuck).
  1325 | D:3      | 1325 ||| Stepping randomly (stuck).
  1326 | D:3      | 1326 ||| Stepping randomly (stuck).
  1327 | D:3      | 1327 ||| Stepping randomly (stuck).
  1328 | D:3      | 1328 ||| Stepping randomly (stuck).
  1329 | D:3      | 1329 ||| Stepping randomly (stuck).
  1330 | D:3      | 1330 ||| Stepping randomly (stuck).
  1331 | D:3      | 1331 ||| Stepping randomly (stuck).
  1332 | D:3      | 1332 ||| Stepping randomly (stuck).
  1333 | D:3      | 1333 ||| Stepping randomly (stuck).
  1334 | D:3      | 1334 ||| Stepping randomly (stuck).
  1335 | D:3      | 1335 ||| Stepping randomly (stuck).
  1336 | D:3      | 1336 ||| Stepping randomly (stuck).
  1337 | D:3      | 1337 ||| Stepping randomly (stuck).
  1338 | D:3      | 1338 ||| Stepping randomly (stuck).
  1339 | D:3      | 1339 ||| Stepping randomly (stuck).
  1340 | D:3      | 1340 ||| Stepping randomly (stuck).
  1341 | D:3      | 1341 ||| Stepping randomly (stuck).
  1342 | D:3      | 1342 ||| Stepping randomly (stuck).
  1343 | D:3      | 1343 ||| Stepping randomly (stuck).
  1344 | D:3      | 1344 ||| Stepping randomly (stuck).
  1345 | D:3      | 1345 ||| Stepping randomly (stuck).
  1346 | D:3      | 1346 ||| Stepping randomly (stuck).
  1347 | D:3      | 1347 ||| Stepping randomly (stuck).
  1348 | D:3      | 1348 ||| Stepping randomly (stuck).
  1349 | D:3      | 1349 ||| Stepping randomly (stuck).
  1350 | D:3      | 1350 ||| Stepping randomly (stuck).
  1351 | D:3      | 1351 ||| Stepping randomly (stuck).
  1352 | D:3      | 1352 ||| Stepping randomly (stuck).
  1353 | D:3      | 1353 ||| Stepping randomly (stuck).
  1354 | D:3      | 1354 ||| Stepping randomly (stuck).
  1355 | D:3      | 1355 ||| Stepping randomly (stuck).
  1356 | D:3      | 1356 ||| Stepping randomly (stuck).
  1357 | D:3      | 1357 ||| Stepping randomly (stuck).
  1358 | D:3      | 1358 ||| Stepping randomly (stuck).
  1359 | D:3      | 1359 ||| Stepping randomly (stuck).
  1360 | D:3      | 1360 ||| Stepping randomly (stuck).
  1361 | D:3      | 1361 ||| Stepping randomly (stuck).
  1362 | D:3      | 1362 ||| Stepping randomly (stuck).
  1363 | D:3      | 1363 ||| Stepping randomly (stuck).
  1364 | D:3      | 1364 ||| Stepping randomly (stuck).
  1365 | D:3      | 1365 ||| Stepping randomly (stuck).
  1366 | D:3      | 1366 ||| Stepping randomly (stuck).
  1367 | D:3      | 1367 ||| Stepping randomly (stuck).
  1368 | D:3      | 1368 ||| Stepping randomly (stuck).
  1369 | D:3      | 1369 ||| Stepping randomly (stuck).
  1370 | D:3      | 1370 ||| Stepping randomly (stuck).
  1371 | D:3      | 1371 ||| Stepping randomly (stuck).
  1372 | D:3      | 1372 ||| Stepping randomly (stuck).
  1373 | D:3      | 1373 ||| Stepping randomly (stuck).
  1374 | D:3      | 1374 ||| Stepping randomly (stuck).
  1375 | D:3      | 1375 ||| Stepping randomly (stuck).
  1376 | D:3      | 1376 ||| Stepping randomly (stuck).
  1377 | D:3      | 1377 ||| Stepping randomly (stuck).
  1378 | D:3      | 1378 ||| Stepping randomly (stuck).
  1379 | D:3      | 1379 ||| Stepping randomly (stuck).
  1380 | D:3      | 1380 ||| Stepping randomly (stuck).
  1381 | D:3      | 1381 ||| Stepping randomly (stuck).
  1382 | D:3      | 1382 ||| Stepping randomly (stuck).
  1383 | D:3      | 1383 ||| Stepping randomly (stuck).
  1384 | D:3      | 1384 ||| Stepping randomly (stuck).
  1385 | D:3      | 1385 ||| Stepping randomly (stuck).
  1386 | D:3      | 1386 ||| Stepping randomly (stuck).
  1387 | D:3      | 1387 ||| Stepping randomly (stuck).
  1388 | D:3      | 1388 ||| Stepping randomly (stuck).
  1389 | D:3      | 1389 ||| Stepping randomly (stuck).
  1390 | D:3      | 1390 ||| Stepping randomly (stuck).
  1391 | D:3      | 1391 ||| Stepping randomly (stuck).
  1392 | D:3      | 1392 ||| Stepping randomly (stuck).
  1393 | D:3      | 1393 ||| Stepping randomly (stuck).
  1394 | D:3      | 1394 ||| Stepping randomly (stuck).
  1395 | D:3      | 1395 ||| Stepping randomly (stuck).
  1396 | D:3      | 1396 ||| Stepping randomly (stuck).
  1397 | D:3      | 1397 ||| Stepping randomly (stuck).
  1398 | D:3      | 1398 ||| Stepping randomly (stuck).
  1399 | D:3      | 1399 ||| Stepping randomly (stuck).
  1400 | D:3      | 1400 ||| Stepping randomly (stuck).
  1401 | D:3      | 1401 ||| Stepping randomly (stuck).
  1402 | D:3      | 1402 ||| Stepping randomly (stuck).
  1403 | D:3      | 1403 ||| Stepping randomly (stuck).
  1404 | D:3      | 1404 ||| Stepping randomly (stuck).
  1405 | D:3      | 1405 ||| Stepping randomly (stuck).
  1406 | D:3      | 1406 ||| Stepping randomly (stuck).
  1407 | D:3      | 1407 ||| Stepping randomly (stuck).
  1408 | D:3      | 1408 ||| Stepping randomly (stuck).
  1409 | D:3      | 1409 ||| Stepping randomly (stuck).
  1410 | D:3      | 1410 ||| Stepping randomly (stuck).
  1411 | D:3      | 1411 ||| Stepping randomly (stuck).
  1412 | D:3      | 1412 ||| Stepping randomly (stuck).
  1413 | D:3      | 1413 ||| Stepping randomly (stuck).
  1414 | D:3      | 1414 ||| Stepping randomly (stuck).
  1415 | D:3      | 1415 ||| Stepping randomly (stuck).
  1416 | D:3      | 1416 ||| Stepping randomly (stuck).
  1417 | D:3      | 1417 ||| Stepping randomly (stuck).
  1418 | D:3      | 1418 ||| Stepping randomly (stuck).
  1419 | D:3      | 1419 ||| Stepping randomly (stuck).
  1420 | D:3      | 1420 ||| Stepping randomly (stuck).
  1421 | D:3      | 1421 ||| Stepping randomly (stuck).
  1422 | D:3      | 1422 ||| Stepping randomly (stuck).
  1423 | D:3      | 1423 ||| Stepping randomly (stuck).
  1424 | D:3      | 1424 ||| Stepping randomly (stuck).
  1425 | D:3      | 1425 ||| Stepping randomly (stuck).
  1426 | D:3      | 1426 ||| Stepping randomly (stuck).
  1427 | D:3      | 1427 ||| Stepping randomly (stuck).
  1428 | D:3      | 1428 ||| Stepping randomly (stuck).
  1429 | D:3      | 1429 ||| Stepping randomly (stuck).
  1430 | D:3      | 1430 ||| Stepping randomly (stuck).
  1431 | D:3      | 1431 ||| Stepping randomly (stuck).
  1432 | D:3      | 1432 ||| Stepping randomly (stuck).
  1433 | D:3      | 1433 ||| Stepping randomly (stuck).
  1434 | D:3      | 1434 ||| Stepping randomly (stuck).
  1435 | D:3      | 1435 ||| Stepping randomly (stuck).
  1436 | D:3      | 1436 ||| Stepping randomly (stuck).
  1437 | D:3      | 1437 ||| Stepping randomly (stuck).
  1438 | D:3      | 1438 ||| Stepping randomly (stuck).
  1439 | D:3      | 1439 ||| Stepping randomly (stuck).
  1440 | D:3      | 1440 ||| Stepping randomly (stuck).
  1441 | D:3      | 1441 ||| Stepping randomly (stuck).
  1442 | D:3      | 1442 ||| Stepping randomly (stuck).
  1443 | D:3      | 1443 ||| Stepping randomly (stuck).
  1444 | D:3      | 1444 ||| Stepping randomly (stuck).
  1445 | D:3      | 1445 ||| Stepping randomly (stuck).
  1446 | D:3      | 1446 ||| Stepping randomly (stuck).
  1447 | D:3      | 1447 ||| Stepping randomly (stuck).
  1448 | D:3      | 1448 ||| Stepping randomly (stuck).
  1449 | D:3      | 1449 ||| Stepping randomly (stuck).
  1450 | D:3      | 1450 ||| Stepping randomly (stuck).
  1451 | D:3      | 1451 ||| Stepping randomly (stuck).
  1452 | D:3      | 1452 ||| Stepping randomly (stuck).
  1453 | D:3      | 1453 ||| Stepping randomly (stuck).
  1454 | D:3      | 1454 ||| Stepping randomly (stuck).
  1455 | D:3      | 1455 ||| Stepping randomly (stuck).
  1456 | D:3      | 1456 ||| Stepping randomly (stuck).
  1457 | D:3      | 1457 ||| Stepping randomly (stuck).
  1458 | D:3      | 1458 ||| Stepping randomly (stuck).
  1459 | D:3      | 1459 ||| Stepping randomly (stuck).
  1460 | D:3      | 1460 ||| Stepping randomly (stuck).
  1461 | D:3      | 1461 ||| Stepping randomly (stuck).
  1462 | D:3      | 1462 ||| Stepping randomly (stuck).
  1463 | D:3      | 1463 ||| Stepping randomly (stuck).
  1464 | D:3      | 1464 ||| Stepping randomly (stuck).
  1465 | D:3      | 1465 ||| Stepping randomly (stuck).
  1466 | D:3      | 1466 ||| Stepping randomly (stuck).
  1467 | D:3      | 1467 ||| Stepping randomly (stuck).
  1468 | D:3      | 1468 ||| Stepping randomly (stuck).
  1469 | D:3      | 1469 ||| Stepping randomly (stuck).
  1470 | D:3      | 1470 ||| Stepping randomly (stuck).
  1471 | D:3      | 1471 ||| Stepping randomly (stuck).
  1472 | D:3      | 1472 ||| Stepping randomly (stuck).
  1473 | D:3      | 1473 ||| Stepping randomly (stuck).
  1474 | D:3      | 1474 ||| Stepping randomly (stuck).
  1475 | D:3      | 1475 ||| Stepping randomly (stuck).
  1476 | D:3      | 1476 ||| Stepping randomly (stuck).
  1477 | D:3      | 1477 ||| Stepping randomly (stuck).
  1478 | D:3      | 1478 ||| Stepping randomly (stuck).
  1479 | D:3      | 1479 ||| Stepping randomly (stuck).
  1480 | D:3      | 1480 ||| Stepping randomly (stuck).
  1481 | D:3      | 1481 ||| Stepping randomly (stuck).
  1482 | D:3      | 1482 ||| Stepping randomly (stuck).
  1483 | D:3      | 1483 ||| Stepping randomly (stuck).
  1484 | D:3      | 1484 ||| Stepping randomly (stuck).
  1485 | D:3      | 1485 ||| Stepping randomly (stuck).
  1486 | D:3      | 1486 ||| Stepping randomly (stuck).
  1487 | D:3      | 1487 ||| Stepping randomly (stuck).
  1488 | D:3      | 1488 ||| Stepping randomly (stuck).
  1489 | D:3      | 1489 ||| Stepping randomly (stuck).
  1490 | D:3      | 1490 ||| Stepping randomly (stuck).
  1491 | D:3      | 1491 ||| Stepping randomly (stuck).
  1492 | D:3      | 1492 ||| Stepping randomly (stuck).
  1493 | D:3      | 1493 ||| Stepping randomly (stuck).
  1494 | D:3      | 1494 ||| Stepping randomly (stuck).
  1495 | D:3      | 1495 ||| Stepping randomly (stuck).
  1496 | D:3      | 1496 ||| Stepping randomly (stuck).
  1497 | D:3      | 1497 ||| Stepping randomly (stuck).
  1498 | D:3      | 1498 ||| Stepping randomly (stuck).
  1499 | D:3      | 1499 ||| Stepping randomly (stuck).
  1500 | D:3      | 1500 ||| Stepping randomly (stuck).
  1501 | D:3      | 1501 ||| Stepping randomly (stuck).
  1502 | D:3      | 1502 ||| Stepping randomly (stuck).
  1503 | D:3      | 1503 ||| Stepping randomly (stuck).
  1504 | D:3      | 1504 ||| Stepping randomly (stuck).
  1505 | D:3      | 1505 ||| Stepping randomly (stuck).
  1506 | D:3      | 1506 ||| Stepping randomly (stuck).
  1507 | D:3      | 1507 ||| Stepping randomly (stuck).
  1508 | D:3      | 1508 ||| Stepping randomly (stuck).
  1509 | D:3      | 1509 ||| Stepping randomly (stuck).
  1510 | D:3      | 1510 ||| Stepping randomly (stuck).
  1511 | D:3      | 1511 ||| Stepping randomly (stuck).
  1512 | D:3      | 1512 ||| Stepping randomly (stuck).
  1513 | D:3      | 1513 ||| Stepping randomly (stuck).
  1514 | D:3      | 1514 ||| Stepping randomly (stuck).
  1515 | D:3      | 1515 ||| Stepping randomly (stuck).
  1516 | D:3      | 1516 ||| Stepping randomly (stuck).
  1517 | D:3      | 1517 ||| Stepping randomly (stuck).
  1518 | D:3      | 1518 ||| Stepping randomly (stuck).
  1519 | D:3      | 1519 ||| Stepping randomly (stuck).
  1520 | D:3      | 1520 ||| Stepping randomly (stuck).
  1521 | D:3      | 1521 ||| Stepping randomly (stuck).
  1522 | D:3      | 1522 ||| Stepping randomly (stuck).
  1523 | D:3      | 1523 ||| Stepping randomly (stuck).
  1524 | D:3      | 1524 ||| Stepping randomly (stuck).
  1525 | D:3      | 1525 ||| Stepping randomly (stuck).
  1526 | D:3      | 1526 ||| Stepping randomly (stuck).
  1527 | D:3      | 1527 ||| Stepping randomly (stuck).
  1528 | D:3      | 1528 ||| Stepping randomly (stuck).
  1529 | D:3      | 1529 ||| Stepping randomly (stuck).
  1530 | D:3      | 1530 ||| Stepping randomly (stuck).
  1531 | D:3      | 1531 ||| Stepping randomly (stuck).
  1532 | D:3      | 1532 ||| Stepping randomly (stuck).
  1533 | D:3      | 1533 ||| Stepping randomly (stuck).
  1534 | D:3      | 1534 ||| Stepping randomly (stuck).
  1535 | D:3      | 1535 ||| Stepping randomly (stuck).
  1536 | D:3      | 1536 ||| Stepping randomly (stuck).
  1537 | D:3      | 1537 ||| Stepping randomly (stuck).
  1538 | D:3      | 1538 ||| Stepping randomly (stuck).
  1539 | D:3      | 1539 ||| Stepping randomly (stuck).
  1540 | D:3      | 1540 ||| Stepping randomly (stuck).
  1541 | D:3      | 1541 ||| Stepping randomly (stuck).
  1542 | D:3      | 1542 ||| Stepping randomly (stuck).
  1543 | D:3      | 1543 ||| Stepping randomly (stuck).
  1544 | D:3      | 1544 ||| Stepping randomly (stuck).
  1545 | D:3      | 1545 ||| Stepping randomly (stuck).
  1546 | D:3      | 1546 ||| Stepping randomly (stuck).
  1547 | D:3      | 1547 ||| Stepping randomly (stuck).
  1548 | D:3      | 1548 ||| Stepping randomly (stuck).
  1549 | D:3      | 1549 ||| Stepping randomly (stuck).
  1550 | D:3      | 1550 ||| Stepping randomly (stuck).
  1551 | D:3      | 1551 ||| Stepping randomly (stuck).
  1552 | D:3      | 1552 ||| Stepping randomly (stuck).
  1553 | D:3      | 1553 ||| Stepping randomly (stuck).
  1554 | D:3      | 1554 ||| Stepping randomly (stuck).
  1555 | D:3      | 1555 ||| Stepping randomly (stuck).
  1556 | D:3      | 1556 ||| Stepping randomly (stuck).
  1557 | D:3      | 1557 ||| Stepping randomly (stuck).
  1558 | D:3      | 1558 ||| Stepping randomly (stuck).
  1559 | D:3      | 1559 ||| Stepping randomly (stuck).
  1560 | D:3      | 1560 ||| Stepping randomly (stuck).
  1561 | D:3      | 1561 ||| Stepping randomly (stuck).
  1562 | D:3      | 1562 ||| Stepping randomly (stuck).
  1563 | D:3      | 1563 ||| Stepping randomly (stuck).
  1564 | D:3      | 1564 ||| Stepping randomly (stuck).
  1565 | D:3      | 1565 ||| Stepping randomly (stuck).
  1566 | D:3      | 1566 ||| Stepping randomly (stuck).
  1567 | D:3      | 1567 ||| Stepping randomly (stuck).
  1568 | D:3      | 1568 ||| Stepping randomly (stuck).
  1569 | D:3      | 1569 ||| Stepping randomly (stuck).
  1570 | D:3      | 1570 ||| Stepping randomly (stuck).
  1571 | D:3      | 1571 ||| Stepping randomly (stuck).
  1572 | D:3      | 1572 ||| Stepping randomly (stuck).
  1573 | D:3      | 1573 ||| Stepping randomly (stuck).
  1574 | D:3      | 1574 ||| Stepping randomly (stuck).
  1575 | D:3      | 1575 ||| Stepping randomly (stuck).
  1576 | D:3      | 1576 ||| Stepping randomly (stuck).
  1577 | D:3      | 1577 ||| Stepping randomly (stuck).
  1578 | D:3      | 1578 ||| Stepping randomly (stuck).
  1579 | D:3      | 1579 ||| Stepping randomly (stuck).
  1580 | D:3      | 1580 ||| Stepping randomly (stuck).
  1581 | D:3      | 1581 ||| Stepping randomly (stuck).
  1582 | D:3      | 1582 ||| Stepping randomly (stuck).
  1583 | D:3      | 1583 ||| Stepping randomly (stuck).
  1584 | D:3      | 1584 ||| Stepping randomly (stuck).
  1585 | D:3      | 1585 ||| Stepping randomly (stuck).
  1586 | D:3      | 1586 ||| Stepping randomly (stuck).
  1587 | D:3      | 1587 ||| Stepping randomly (stuck).
  1588 | D:3      | 1588 ||| Stepping randomly (stuck).
  1589 | D:3      | 1589 ||| Stepping randomly (stuck).
  1590 | D:3      | 1590 ||| Stepping randomly (stuck).
  1591 | D:3      | 1591 ||| Stepping randomly (stuck).
  1592 | D:3      | 1592 ||| Stepping randomly (stuck).
  1593 | D:3      | 1593 ||| Stepping randomly (stuck).
  1693 | D:3      | Reached XP level 4. HP: 38/38 MP: 3/3
  1704 | D:3      | 1704 ||| READING scroll labelled AGEIDGH HIMIQATT.
  1705 | D:3      | 1705 ||| READING scroll labelled FAGUIKLO ZADGH.
  1706 | D:3      | 1706 ||| READING 2 scrolls of identify.
  1706 | D:3      | 1706 ||| IDENTIFYING sedimented white potion
  1707 | D:3      | 1707 ||| DROPPING potion of brilliance.
  1902 | D:2      | Reached skill level 6 in Ranged Weapons
  1966 | D:2      | Found a faded altar of an unknown god.
  2402 | D:3      | 2402 ||| Stepping randomly (disturbance).
  2403 | D:3      | 2403 ||| Stepping randomly (disturbance).
  2404 | D:3      | 2404 ||| Stepping randomly (disturbance).
  2405 | D:3      | 2405 ||| Stepping randomly (disturbance).
  2663 | D:3      | 2663 ||| UPGRADING to +0 ring mail.
  2673 | D:3      | 2673 ||| DROPPING +0 leather armour.
  2674 | D:3      | 2674 ||| DRINKING 2 orange potions.
  2716 | D:4      | 2716 ||| FLEEEEING.
  2718 | D:4      | 2718 ||| STAIRDANCE
  2783 | D:4      | Found a sparkling altar of Nemelex Xobeh.
  2818 | D:4      | Reached XP level 5. HP: 46/46 MP: 4/4
  2820 | D:4      | Noticed a phantom
  2841 | D:4      | Killed a phantom
  2842 | D:4      | Reached skill level 3 in Armour
  3069 | D:4      | Found a sacrificial altar of Ru.
  3283 | D:4      | Identified the +0 cloak "Zamaj" {Fly rPois rN+ Regen+}
  3634 | D:4      | 3634 ||| UPGRADING to +0 pair of boots.
  3639 | D:4      | 3639 ||| UPGRADING to +0 cloak "Zamaj" {Fly rPois rN+
                  | Regen+}.
  3644 | D:4      | 3644 ||| REMOVING ring of poison resistance.
  3645 | D:4      | 3645 ||| READING scroll labelled DOCKAS XEOVVIO.
  3680 | D:5      | Entered Level 5 of the Dungeon
  3743 | D:5      | Noticed an ogre
  3750 | D:5      | Killed an ogre
  3751 | D:5      | Reached skill level 7 in Ranged Weapons
  3751 | D:5      | Reached XP level 6. HP: 35/52 MP: 5/5
  3813 | D:5      | Noticed a water moccasin
  3824 | D:5      | Killed a water moccasin
  3825 | D:5      | Reached skill level 8 in Ranged Weapons
  3825 | D:5      | Reached XP level 7. HP: 57/59 MP: 6/6
  3843 | D:5      | Found a broken altar of Ashenzari.
  3843 | D:5      | Found an ancient bone altar of Kikubaaqudgha.
  3954 | D:5      | Found a hazy altar of Hepliaklqana.
  3987 | D:5      | 3987 ||| FLEEEEING.
  4023 | D:5      | 4023 ||| SWAPPING to +0 orcbow.
  4024 | D:5      | 4024 ||| DROPPING +0 shortbow.
  4228 | D:5      | Noticed a hornet
  4237 | D:5      | HP: 14/61 [hornet (5)]
  4238 | D:5      | 4238 ||| READING scroll of teleportation.
  4238 | D:5      | HP: 1/61 [hornet (14)]
  4239 | D:5      | 4239 ||| DRINKING 2 potions of heal wounds.
  4240 | D:5      | 4240 ||| DRINKING potion of heal wounds.
  4273 | D:5      | 4273 ||| Stepping ~*~*~tactically~*~*~ (outnumbered).
  4280 | D:5      | Paralysed by a hornet for 3 turns
  4280 | D:5      | HP: 15/61 [gnoll/+0 spear (4)]
  4280 | D:5      | HP: 5/61 [hornet (10)]
  4281 | D:5      | HP: 2/61 [gnoll/+0 spear (3)]
  4281 | D:5      | Slain by a hornet

Levels and vault maps discovered:
D:1:      lemuel_arrival_broad_hall, layout_loops_ring
D:2:      layout_basic, shapermc_ecumenical_altar_petra
D:3:      cheibrodos_old_hovel, layout_loops_ring, minmay_misc_feat_hallway,
          minmay_diced_spiral
D:4:      layout_basic, nemelex_spade_bored_becter, nicolae_ru_path_of_blood,
          roderic_lattice_a
D:5:      layout_loops_ring, mainiacjoe_overflow_large_starburst,
          nicolae_hepliaklqana_monster_ancestors, minmay_temple_entry_fiery,
          dk_noncrumbling_3, minmay_statues_item

Skill      XL: |  1  2  3  4  5  6  7 |
---------------+----------------------+-----
Ranged Weapons | 5 6 7 8 |  8.2
Fighting       | 3 4 5 |  5.6
Armour         | 3 |  3.0
Dodging        | |  2.9
Stealth        | |  0.7

Action                     |  1- 3 |  4- 6 |  7- 9 || total
---------------------------+-------+-------+-------++-------
   Fire: Shortbow          |   103 |   162 |    32 ||   297
         Orcbow            |       |       |    20 ||    20
    Use: Scroll            |     4 |     4 |     1 ||     9
         Potion            |     2 |     1 |     2 ||     5
 Armour: Leather armour    |    21 |    11 |       ||    32
         Ring mail         |       |    26 |    15 ||    41
  Dodge: Dodged            |    33 |    41 |    17 ||    91

Table legend:
 A = Non-vault XP
 B = Vault XP
 C = Vault XP percentage of total XP
 D = Non-vault monster count
 E = Vault monster count
 F = Vault count percentage of total count
                 A         B        C        D         E       F
            +---------+---------+-------+---------+---------+-------
      Total |    1042 |      12 |   1.1 |      80 |       9 |  10.1
            +---------+---------+-------+---------+---------+-------
        D:1 |      34 |       0 |   0.0 |      18 |       0 |   0.0
        D:2 |      43 |       0 |   0.0 |      20 |       0 |   0.0
        D:3 |     107 |       9 |   7.8 |      14 |       7 |  33.3
        D:4 |     182 |       0 |   0.0 |      13 |       0 |   0.0
        D:5 |     676 |       3 |   0.4 |      15 |       2 |  11.8
            +---------+---------+-------+---------+---------+-------
